 Dungeon Crawl Stone Soup version 0.30.0-16-gbe6223bb7e (webtiles) character file.

Game seed: 13781758621085114538

2359 eliilek the Basher (level 9, -6/78 HPs)
             Began as a Minotaur Berserker on May 20, 2023.
             Was a Priest of Trog.
             Mangled by a yak (10 damage)
             ... on level 6 of the Dungeon.
             The game lasted 00:19:47 (5163 turns).

eliilek the Basher (Minotaur Berserker)             Turns: 5163, Time: 00:19:47

Health: -6/78      AC: 10    Str: 24    XL:     9   Next: 20%
Magic:  8/8        EV: 12    Int:  4    God:    Trog [***...]
Gold:   271        SH:  0    Dex: 12    Spells: 8/8 levels left

rFire   . . .        k - +4 whip
rCold   . . .        (no shield)
rNeg    + . .        p - +2 scale mail {rN+}
rPois   .            (helmet restricted)
rElec   .            (no cloak)
rCorr   .            (no gloves)
SInv    .            (no boots)
Will    .....        (no amulet) Stlth
                     (no ring)
HPRegen 0.33/turn    (no ring)
MPRegen 0.11/turn

%: no passive effects
@: no status effects
A: horns 2, retaliatory headbutt
a: Renounce Religion, Berserk, Trog's Hand


You were on level 6 of the Dungeon.
You worshipped Trog.
Trog was most pleased with you.
You visited 1 branch of the dungeon, and saw 6 of its levels.

You collected 271 gold pieces.

Inventory:

Hand Weapons
 k - a +4 whip (weapon)
 m - a +0 sling
Missiles
 f - 33 stones (quivered)
 g - 8 poisoned darts
 y - 6 atropa-tipped darts
Armour
 p - a +2 scale mail of positive energy (worn)
Wands
 n - a wand of quicksilver (9)
 z - a wand of iceblast (7)
 A - a wand of mindburst (7)
 B - a wand of digging (3)
Scrolls
 a - a scroll of enchant armour {unknown}
 b - 6 scrolls of identify {unknown}
 e - a scroll of poison {unknown}
 h - 4 scrolls of teleportation {unknown}
 o - a scroll of magic mapping {unknown}
 t - a scroll of acquirement {unknown}
 w - 2 scrolls of vulnerability {unknown}
 C - a scroll of butterflies {unknown}
Potions
 c - a potion of flight {unknown}
 d - a potion of invisibility {unknown}
 i - a potion of mutation {unknown}
 j - 4 potions of lignification {unknown}
 l - 3 potions of heal wounds {unknown}
 q - a potion of attraction {unknown}
 r - 2 potions of degeneration {unknown}
 s - a potion of curing {unknown}
 u - a potion of resistance {unknown}
 v - a potion of ambrosia {unknown}
 x - a potion of berserk rage {unknown}


   Skills:
 + Level 6.9 Fighting
 * Level 9.4 Maces & Flails
 * Level 8.9 Armour
 + Level 5.9 Dodging


You had 8 spell levels left.
You didn't know any spells.
Your spell library was empty.

Dungeon Overview and Level Annotations

Branches:
Dungeon (6/15)             Temple (0/1) D:5

Altars:
Nemelex Xobeh
Uskayaw
Vehumet

Shops:
D:6 !


Innate Abilities, Weirdness & Mutations

You have a pair of horns on your head.
You reflexively headbutt those who attack you in melee.


Message History

You hit the yak.
The yak is heavily wounded.
You whack the yak!
The yak is severely wounded.
The yak gores you!
You whack the yak!
You kill the yak!
Trog accepts your kill.
You closely miss the iguana.
You headbutt the iguana, but do no damage.
The yak gores you. The iguana barely misses you. You furiously retaliate!
You headbutt the iguana. You hit the iguana but do no damage.
The iguana is lightly wounded.
The yak barely misses you. The yak gores you! The iguana bites you.
You hit the iguana. You headbutt the iguana.
The iguana is moderately wounded.
You barely miss the iguana.
The iguana is moderately wounded.
The yak misses you. The yak barely misses you. The iguana closely misses you.
You closely miss the iguana.
You headbutt the iguana, but do no damage.
The iguana is moderately wounded.
The yak gores you but does no damage. The yak completely misses you.
The yak gores you. The yak misses you. You furiously retaliate!
You headbutt the yak. The iguana bites you!
* * * LOW HITPOINT WARNING * * *
You closely miss the iguana.
The iguana is moderately wounded.
The yak attacks as you move away! The yak completely misses you.
The yak attacks as you move away! The yak gores you but does no damage.
The iguana bites you!
* * * LOW HITPOINT WARNING * * *
You see here a +0 spear.
You hit the yak but do no damage. You headbutt the yak!
The yak is moderately wounded.
The yak gores you!
* * * LOW HITPOINT WARNING * * *
The yak gores you!
You die...

###.### ##.....##
#.#####.# #.#...#.# #
##.#.∩.#.###########.#
#..#...#..............
#..#.>.#..............
#..#...#..............
#..#####.....@Y.......
#...........YlY)......
#............Y))......
#.....................
#.....................
#..<..................
#.....................
#...).................
#.....................


You could see 4 yaks and an iguana.

Vanquished Creatures
  Pikel (D:5)
  Sigmund (D:5)
  A yak (D:6)
  Edmund (D:3)
  Duvessa (D:4)
  2 black bears
  2 ice beasts (D:5)
  An ogre (D:5)
  3 lemures (D:5)
  2 scorpions
  Dowan (D:4)
  A howler monkey (D:6)
  A jelly (D:4)
  2 gnoll boudas
  2 orc priests (D:4)
  2 iguanas
  Ijyb (D:5)
  Natasha (thrice) (D:4)
  3 sleepcaps (D:5)
  An orc wizard (D:4)
  Robin (D:4)
  15 gnolls
  6 adders
  A white imp (D:5)
  An ufetubus (D:5)
  A worm (D:1)
  A dart slug (D:3)
  19 orcs
  6 endoplasms
  5 giant cockroaches
  10 goblins
  8 hobgoblins
  7 jackals
  4 quokkas
  4 ball pythons
  2 bats
  A frilled lizard (D:2)
  5 kobolds
  4 rats
133 creatures vanquished.

Notes
Turn   | Place    | Note
-------+----------+-------------------------------------------
     0 | D:1      | eliilek the Minotaur Berserker began the quest for the Orb.
     0 | D:1      | Reached XP level 1. HP: 19/19 MP: 0/0
   353 | D:1      | Found a faded altar of an unknown god.
   615 | D:1      | Reached XP level 2. HP: 24/27 MP: 1/1
   632 | D:2      | Reached skill level 4 in Maces & Flails
   971 | D:2      | Reached XP level 3. HP: 29/33 MP: 2/2
  1170 | D:2      | Reached XP level 4. HP: 40/40 MP: 3/3
  1173 | D:2      | Reached ** piety under Trog
  1668 | D:3      | Reached skill level 5 in Maces & Flails
  1668 | D:3      | Reached XP level 5. HP: 47/47 MP: 4/4
  1967 | D:3      | Found a hide-covered altar of Uskayaw.
  2181 | D:4      | Noticed Edmund
  2181 | D:4      | Noticed Duvessa
  2181 | D:4      | Noticed Dowan
  2212 | D:3      | Killed Edmund
  2213 | D:3      | Reached XP level 6. HP: 26/53 MP: 5/5
  2329 | D:4      | Killed Duvessa
  2330 | D:4      | Reached skill level 6 in Maces & Flails
  2330 | D:4      | Reached skill level 5 in Armour
  2332 | D:4      | Killed Dowan
  2333 | D:4      | Reached skill level 5 in Fighting
  2462 | D:4      | Noticed Natasha
  2471 | D:4      | Killed Natasha
  2504 | D:4      | Noticed Natasha
  2515 | D:4      | Killed Natasha
  2589 | D:4      | Noticed Robin
  2605 | D:4      | Killed Robin
  2606 | D:4      | Reached XP level 7. HP: 54/61 MP: 6/6
  2656 | D:4      | Noticed Natasha
  2669 | D:4      | Killed Natasha
  2811 | D:4      | Reached *** piety under Trog
  2942 | D:4      | Found a sparkling altar of Nemelex Xobeh.
  3214 | D:4      | Found a radiant altar of Vehumet.
  3709 | D:4      | Reached skill level 7 in Maces & Flails
  3868 | D:5      | Entered Level 5 of the Dungeon
  3926 | D:5      | Found a staircase to the Ecumenical Temple.
  3998 | D:5      | Reached XP level 8. HP: 70/70 MP: 7/7
  4453 | D:5      | Noticed Pikel
  4511 | D:5      | Killed Pikel
  4512 | D:5      | Reached skill level 8 in Maces & Flails
  4512 | D:5      | Reached skill level 5 in Dodging
  4798 | D:5      | Noticed Ijyb
  4822 | D:5      | Killed Ijyb
  4985 | D:5      | Noticed Sigmund
  5000 | D:5      | Killed Sigmund
  5001 | D:5      | Reached skill level 9 in Maces & Flails
  5001 | D:5      | Reached XP level 9. HP: 76/78 MP: 8/8
  5106 | D:6      | Found Boiffah's Distillery.
  5163 | D:6      | Mangled by a yak

Illustrated notes

Levels and vault maps discovered:
D:1:      sevenhm_arrival_forest_fort_large_4, layout_rooms,
          shapermc_ecumenical_altar_pompeii
D:2:      layout_rooms
D:3:      layout_loops_cross, nicolae_uskayaw_murder_on_the_dancefloor
D:4:      layout_loops_corners, vehumet_crystals, nemelex_dance_club_becter,
          uniq_natasha, uniq_duvessa, uniq_edmund, uniq_robin
D:5:      layout_basic, temple_fountains, uniq_sigmund, uniq_pikel, uniq_ijyb
D:6:      layout_basic, grunt_qazlal_clouds, serial_shops, shop,
          nicolae_take_the_stairs, amcnicky_mini_rare_corridor_liquid

Skill      XL: |  1  2  3  4  5  6  7  8 |
---------------+-------------------------+-----
Maces & Flails | 4 5 6 7 9 |  9.4
Armour         | 3 4 5 6 8 |  8.9
Fighting       | 4 5 6 |  6.9
Dodging        | 3 4 5 |  5.9

Action                     |  1- 3 |  4- 6 |  7- 9 || total
---------------------------+-------+-------+-------++-------
  Melee: Mace              |    53 |    28 |       ||    81
         Headbutt          |     4 |    15 |    44 ||    63
         Flail             |       |    65 |    93 ||   158
         Punch             |       |     2 |     5 ||     7
         Whip              |       |       |   148 ||   148
  Throw: Stone             |     2 |     1 |       ||     3
 Invoke: Berserk           |     1 |     2 |     1 ||     4
         Trog's Hand       |       |     1 |     1 ||     2
 Armour: Animal skin       |     6 |       |       ||     6
         Ring mail         |    14 |    10 |       ||    24
         Scale mail        |       |    21 |    94 ||   115
  Dodge: Dodged            |    37 |    50 |   125 ||   212
